Map: Newkirk Precinct TE (Void)

Players

TimeTwist - Winner!

  • Race: Protoss Protoss
  • Spawn Location: 7:00

FrogMint

  • Race: Zerg Zerg
  • Spawn Location: 5:00

VOD

Have the link to the VOD?

Description

Time

  • Played on: March 8, 2017, 4:16 p.m.
  • Length: 6:46
Show
View Real Time Build Order
Export as new Build Order

TimeTwist Protoss - Winner!

Build Orders:  

Get SALT Encoding   

  12  0:01  Probe (Chrono Boost)  
  13  0:12  Probe (Chrono Boost)  
  14  0:20  Pylon  
  14  0:24  Probe (Chrono Boost)  
  15  0:39  Probe (Chrono Boost)  
  16  0:45  Gateway  
  16  0:49  Probe (Chrono Boost)  
  17  0:55  Assimilator  
  17  1:00  Probe (Chrono Boost)  
  18  1:10  Probe (Chrono Boost)  
  19  1:21  Probe (Chrono Boost)  
  20  1:26  Pylon  
  20  1:31  Probe (Chrono Boost)  
  21  1:34  Zealot  
  23  1:42  Cybernetics Core  
  23  1:44  Probe (Chrono Boost)  
  24  1:55  Probe (Chrono Boost)  
  24  1:58  Pylon  
  25  2:05  Warp Gate, Probe (Chrono Boost)  
  25  2:06  Zealot  
  28  2:10  Assimilator  
  28  2:17  Probe (Chrono Boost)  
  29  2:29  Probe (Chrono Boost)  
  30  2:32  Gateway  
  30  2:35  Gateway  
  30  2:41  Gateway, Probe (Chrono Boost)  
  30  2:48  Sentry  
  32  2:53  Pylon, Probe (Chrono Boost)  
  34  3:05  Probe (Chrono Boost)  
  34  3:16  Sentry  
  34  3:18  Probe (Chrono Boost)  
  37  3:26  Sentry  
  41  3:27  Sentry  
  41  3:31  Probe (Chrono Boost)  
  42  3:46  Pylon  
  42  3:52  Pylon  
  42  4:05  Pylon  
  42  4:08  Zealot x3  
  42  4:09  Zealot, Probe (Chrono Boost)  
  51  4:15  Nexus  
  51  4:20  Pylon  
  51  4:30  Stalker  
  53  4:32  Stalker  
  53  4:35  Sentry  
  53  4:37  Sentry  
  59  4:56  Stalker, Pylon  
  61  5:02  Zealot x2  
  61  5:05  Stalker  
  67  5:17  Stalker  
  69  5:24  Stalker  
  71  5:30  Stalker  
  73  5:38  Pylon  
  63  6:07  Zealot  
  63  6:08  Zealot x3  
  55  6:33  Stalker  
  55  6:34  Stalker x3  
Show
View Real Time Build Order
Export as new Build Order

FrogMint Zerg 

Build Orders: Hatch First 

Get SALT Encoding   

  12  0:08  Overlord  
  12  0:13  Drone  
  13  0:18  Drone  
  14  0:26  Drone  
  15  0:33  Drone  
  16  0:57  Hatchery  
  15  1:10  Spawning Pool  
  15  1:11  Drone  
  15  1:24  Drone x2  
  17  1:27  Drone  
  18  1:38  Drone  
  19  1:43  Extractor  
  18  1:50  Drone  
  19  1:58  Queen  
  19  1:59  Overlord  
  21  2:07  Drone  
  22  2:11  Queen  
  22  2:13  Drone  
  25  2:20  Roach Warren  
  24  2:25  Drone  
  25  2:34  Drone x2  
  27  2:46  Drone x2  
  29  2:53  Queen  
  29  2:54  Overlord  
  31  2:59  Drone x2  
  33  3:08  Queen  
  33  3:12  Extractor  
  34  3:14  Drone x2  
  34  3:15  Roach  
  38  3:26  Drone x2  
  40  3:28  Roach x2  
  44  3:42  Overlord x2  
  44  4:08  Hatchery  
  44  4:09  Roach x4  
  53  4:10  Roach x2  
  53  4:14  Lair  
  55  4:21  Drone x3  
  58  4:44  Overlord x2  
  58  4:45  Overlord x2  
  58  4:48  Drone x2  
  58  4:50  Extractor  
  58  4:51  Extractor  
  58  4:58  Roach  
  60  5:03  Overlord x2  
  58  5:12  Queen  
  60  5:17  Drone x2  
  60  5:20  Pneumatized Carapace  
  62  5:26  Queen  
  64  5:35  Roach x2  
  68  5:51  Roach x3  
  70  5:59  Roach x2  
  70  6:02  Queen  
  62  6:06  Roach x2  
  52  6:20  Roach x2  
  52  6:21  Roach x2  
Tags
 
Add a new tag
Caveats
  • Supply blocks, unpowered buildings, or Contaminate may cause inaccurate times.
  • Supply counts are checked every 10 seconds.